cohdb
Replays
Latest Replays
All Replays
Popular Replays
Top Player Replays
Match Explorer
How It Works
Community
CoH3 Stats
Reddit
Sign in to upload your games and track your stats! →
Sign in with Steam
Match 36479952
Unlisted
Match 36479952
Overview
Messages
Build Orders
End
Construct Barracks
Selects Airborne Battlegroup
Selects Pathfinders
Pathfinder Squad
Construct Weapon Support Center
Sniper
Engineer Squad
M1919 Machine Gun Team
Air Support Center
Selects Paratrooper Squad Paradrop
Paratrooper Squad Paradrop
M3 Armored Personnel Carrier
Grasshopper Recon Run
M3 Armored Personnel Carrier
Paratrooper Squad Paradrop
M1919 Machine Gun Team
Air Supply
Double Sortie
P-47 Dive Bomb
P-47 Strafing Run
Construct Tank Depot
Selects Anti-tank Gun Team Paradrop
Grasshopper Recon Run
M4A1 Sherman Medium Tank
P-47 Dive Bomb
Xiaya
Yaas
감귤
V F4U C
大意了,没有闪
h4sjohnson
0
0
Comments
sign in to comment!
No comments posted yet!